 Dungeon Crawl Stone Soup version 0.28-a0-544-g207b005307 (webtiles) character file.

Game seed: 4466544434796333120

3 Crimsonway the Grave Robber (level 1, 0/13 HPs)
             Began as a Vampire Necromancer on Sept 28, 2021.
             Slain by a hobgoblin (3 damage)
             ... on level 1 of the Dungeon.
             The game lasted 00:01:13 (97 turns).

Crimsonway the Grave Robber (Vampire Necromancer)     Turns: 97, Time: 00:01:16

Health: 0/13       AC:  2    Str:  7    XL:     1   Next: 41%
Magic:  0/3        EV: 12    Int: 17    God:
Gold:   10         SH:  0    Dex: 14    Spells: 3/4 levels left

rFire   . . .      SeeInvis +   (no weapon)
rCold   . . .      Faith    .   (no shield)
rNeg    . . .      Spirit   .   a - +0 robe
rPois   .          Reflect  .   (no helmet)
rElec   .          Harm     .   (no cloak)
rCorr   .          Rampage  .   (no gloves)
Will    .....                   (no boots)
Stlth   ++........              (no amulet)
HPRegen 0.24/turn               (no ring)
MPRegen 0.08/turn               (no ring)

@: healing quickly
A: alive, fangs 3, see invisible, vampiric 1
a: Exsanguinate


You were on level 1 of the Dungeon.
You visited 1 branch of the dungeon, and saw 1 of its levels.

You collected 10 gold pieces.

Inventory:

Armour
 a - a +0 robe (worn)


   Skills:
 + Level 2.2 Dodging
 + Level 3.0 Stealth
 + Level 2.1 Spellcasting
 + Level 4.4 Necromancy


You had 3 spell levels left.
You knew the following spells:

 Your Spells              Type           Power      Damage    Failure   Level
a - Pain                  Necr           64%        1d7       3%          1

Your spell library contained the following spells:

 Spells                   Type           Power      Damage    Failure   Level
 Animate Skeleton         Necr           32%        N/A       3%          1
 Vampiric Draining        Necr           8%         2d7       10%         3
 Animate Dead             Necr           8%         N/A       30%         4
 Agony                    Necr           16%        N/A       65%         5


Dungeon Overview and Level Annotations

Branches:
Dungeon (1/15)

Altars:


Innate Abilities, Weirdness & Mutations

Your natural rate of healing is accelerated.
You have razor-sharp teeth.
You have supernaturally acute eyesight. (SInv)
You are afflicted with vampirism.


Message History

Press: ? - help, Q - select action Shift-Dir - straight line, f - frilled lizard
Aim: a frilled lizard (chance to affect: 87%)
The frilled lizard writhes in agony.
You kill the frilled lizard!
The frilled lizard barely misses you. The frilled lizard barely misses you.
The frilled lizard barely misses you.
Aiming: Pain (safe; 3% risk of failure)
Press: ? - help, Q - select action Shift-Dir - straight line, f - frilled lizard
Aim: a frilled lizard (chance to affect: 87%)
The frilled lizard writhes in agony.
The frilled lizard closely misses you.
The frilled lizard bites you but does no damage.
Aiming: Pain (safe; 3% risk of failure)
Press: ? - help, Q - select action Shift-Dir - straight line, f/p - frilled lizard
Aim: a frilled lizard (heavily wounded, chance to affect: 87%)
The frilled lizard writhes in agony.
You kill the frilled lizard!
The hobgoblin hits you.
* * * LOW HITPOINT WARNING * * *
You don't have enough magic to cast this spell.
The frilled lizard closely misses you. The hobgoblin hits you.
* * * LOW HITPOINT WARNING * * *
The hobgoblin barely misses you. The rat closely misses you.
Found a stone staircase leading down.
The frilled lizard bites you but does no damage.
The hobgoblin hits you.
Aiming: Pain (safe; 3% risk of failure)
Press: ? - help, Q - select action Shift-Dir - straight line, f - rat
Aim: a rat (chance to affect: 87%)
The rat writhes in agony.
The rat misses you. The hobgoblin closely misses you.
Aiming: Pain (safe; 3% risk of failure)
Press: ? - help, Q - select action Shift-Dir - straight line, f/p - rat
Aim: a rat (heavily wounded, chance to affect: 87%)
The rat writhes in agony.
You kill the rat!
The hobgoblin hits you.
You die...

!.........#!.#
...#............
#...............
...†...>...###.. ...#
....##......##..###..#.#
....##......##...##..#.#
........##...#...##.>#.#
.........#.......##..#.#
..........# ##..@†##...####
....###''#####...gl.......#
...8.......≈≈##...........##
..#.≈≈≈≈≈≈..≈≈#............#
..#≈≈≈...≈≈..≈#............#
. #≈≈..≈..≈≈.≈#...#........#
#≈..≈≈≈.≈≈.≈#..##........#
#≈.≈≈.<.≈≈.≈#...##..#....#
#≈.≈≈.≈≈≈..≈#............#


You could see a hobgoblin and a frilled lizard.

Vanquished Creatures
  A hobgoblin (D:1)
  2 frilled lizards (D:1)
  2 rats (D:1)
5 creatures vanquished.

Notes
Turn   | Place    | Note
-------+----------+-------------------------------------------
     0 | D:1      | Crimsonway the Vampire Necromancer began the quest for the
                  | Orb.
     0 | D:1      | Reached XP level 1. HP: 13/13 MP: 3/3
    97 | D:1      | Slain by a hobgoblin

Illustrated notes

Levels and vault maps discovered:
D:1:      psy_arrival_whirlpool, layout_rooms, minmay_misc_feat_iff,
          minmay_worlds_worst_comb

Action                   || total
-------------------------++-------
Melee: Unarmed           ||     4
 Cast: Pain              ||     9
Armor: Robe              ||     7
Dodge: Dodged            ||    25

Table legend: (Time is in decaauts)
 A = Elapsed time spent in this place.
 B = Non-inter-level travel time spent in this place.
 C = Inter-level travel time spent in this place.
 D = Time resting spent in this place.
 E = Time spent auto-exploring this place.
 F = Levels seen in this place.
 G = Mean time per level.
                   A        B        C        D        E       F      G
               +--------+--------+--------+--------+--------+-----+--------+
         Total |    104 |    104 |      0 |      0 |      0 |   1 |  104.0 |
       Dungeon |    104 |    104 |      0 |      0 |      0 |   1 |  104.0 |
               +--------+--------+--------+--------+--------+-----+--------+

Top non-repeatable levels by time:
     D:1: 104 daAuts
